 Dungeon Sprint DCSS version 0.20.1-1-g8b1a95d66d (webtiles) character file.

631 Jannitor the Grappler (level 7, -2/72 HPs)
             Began as a Naga Transmuter on Dec 13, 2017.
             Was an Initiate of Cheibriados.
             Slain by Sonja
             ... wielding a +2 dagger of distortion
              (5 damage)
             ... in the Dungeon (Sprint I: "Red Sonja").
             The game lasted 00:01:56 (1205 turns).

Jannitor the Grappler (Naga Transmuter)             Turns: 1205, Time: 00:01:56

Health: -2/72      AC:  2    Str: 14    XL:     7   Next: 48%
Magic:  11/16      EV: 25    Int: 16    God:    Cheibriados [......]
Gold:   303        SH:  0    Dex: 17    Spells: 12/18 levels left

rFire    . . .     SeeInvis +     - Unarmed
rCold    . . .     Gourm    .   (shield currently unavailable)
rNeg     . . .     Faith    .   (armour currently unavailable)
rPois    x         Spirit   .   (helmet currently unavailable)
rElec    .         Reflect  .   (cloak currently unavailable)
rCorr    .         Harm     .   (gloves currently unavailable)
MR       .....     NoTele   +   (no barding)
Stlth    ++........             (no amulet)
Regen    0.3/turn               (no ring)
MPRegen  0.2/turn               (no ring)

@: spider-form, slow
A: see invisible, slow metabolism 1, spit poison 1, AC +2
a: Spit Poison, End Transformation, Bend Time, Renounce Religion


You were in the Dungeon.
You worshipped Cheibriados.
Cheibriados was noncommittal.
You were not hungry.
You were a venomous arachnid creature.
You visited 1 branch You collected 303 gold pieces.

Inventory:

Missiles
 a - 7 arrows
Armour
 b - a +0 robe (melded)
Wands
 i - a wand of random effects (22/48)
Scrolls
 j - a scroll of blinking
Potions
 e - a potion of curing
 f - a potion of heal wounds
 g - a potion of haste
 h - 2 potions of magic
Books
 c - a book of Changes

   Spells                             Type                      Level
   a - Beastly Appendage              Transmutation                1
   b - Sticks to Snakes               Transmutation                2
   c - Spider Form                    Transmutation/Poison         3
   d - Ice Form                       Ice/Transmutation            4
   e - Blade Hands                    Transmutation                5
Comestibles
 d - a bread ration


   Skills:
 + Level 7.3 Fighting
 + Level 6.2 Dodging
 * Level 8.3 Unarmed Combat
 - Level 6.2 Spellcasting
 - Level 6.8 Transmutations


You had 12 spell levels left.
You knew the following spells:

 Your Spells              Type           Power        Failure   Level  Hunger
a - Beastly Appendage     Tmut           ####..       4%          1    None
b - Spider Form           Tmut/Pois      ###.......   24%         3    ##.....
c - Sticks to Snakes      Tmut           ####....     6%          2    None


Dungeon Overview and Level Annotations

Branches:
Dungeon (1/1)

Altars:
Cheibriados
Dithmenos
Elyvilon
Fedhas
Gozag
Hepliaklqana
Kikubaaqudgha
Makhleb
Nemelex Xobeh
Okawaru
Qazlal
Ru
Sif Muna
Trog
Uskayaw
Vehumet
Xom
Yredelemnul
Zin
The Shining One
Jiyva
Lugonu

Shops:
D %

Annotations:
D Sonja


Innate Abilities, Weirdness & Mutations

You cannot wear boots.
((Your serpentine skin is tough. (AC +2)))
You have supernaturally acute eyesight. (SInv)
((Armour fits poorly on your strangely shaped body.))
((Your system is resistant to poisons. (rPois)))
((You cover ground very slowly.))
You have a slow metabolism.
You can spit poison.


Message History

Unknown command.
You hit Sonja.
Sonja is moderately wounded.
Your adder misses Sonja.
Sonja hits you with an uncursed dagger of distortion.
Space warps horribly around you!
* * * LOW HITPOINT WARNING * * *
Sonja barely misses you.
Sonja hits you with an uncursed dagger of distortion.
* * * LOW HITPOINT WARNING * * *
Your adder completely misses Sonja.
You bite Sonja!
Sonja is severely wounded.
Sonja hits you with an uncursed dagger of distortion.
* * * LOW HITPOINT WARNING * * *
Space warps horribly around you!
* * * LOW HITPOINT WARNING * * *
Sonja completely misses you.
Sonja hits you with an uncursed dagger of distortion.
You die...

###################
#<.#..').#.)'..#__#
#..'[.#..'..#..'..+
#..#####'#####'#__#
#..####..#...#)####
#..#__####..##.#
#..#____S##'#..+
#⌠⌠#_.∩.Ks'..._#
####_..S_##_(#+#
#_____###'#
#########.## +$.$+
#$($# ##.## #+#


You could see Sonja and 2 friendly adders.

Vanquished Creatures
  A slime creature (D)
  Sigmund (D)
  A yak (D)
  An ogre (D)
  A jelly (D)
  Ijyb (D)
6 creatures vanquished.

Vanquished Creatures (others)
  A gargoyle (D)
1 creature vanquished.

Grand Total: 7 creatures vanquished

Notes
Turn   | Place    | Note
-------+----------+-------------------------------------------
     0 | D        | Jannitor the Naga Transmuter began the quest for the Orb.
     0 | D        | Reached XP level 1. HP: 18/18 MP: 3/3
     2 | D        | Noticed Ijyb
    19 | D        | Killed Ijyb
    19 | D        | Reached XP level 2. HP: 7/27 MP: 3/5
    19 | D        | Reached XP level 3. HP: 9/33 MP: 4/7
   312 | D        | Killed a gargoyle
   353 | D        | Learned a level 3 spell: Spider Form
   357 | D        | Noticed an ogre
   363 | D        | Killed an ogre
   363 | D        | Reached skill level 5 in Unarmed Combat
   363 | D        | Reached XP level 4. HP: 11/44 MP: 5/10
   598 | D        | Noticed Sigmund
   608 | D        | Killed Sigmund
   608 | D        | Reached skill level 5 in Fighting
   608 | D        | Reached skill level 6 in Unarmed Combat
   608 | D        | Reached skill level 5 in Spellcasting
   608 | D        | Reached skill level 5 in Transmutations
   608 | D        | Reached XP level 5. HP: 51/54 MP: 8/12
   608 | D        | Reached XP level 6. HP: 57/61 MP: 9/14
   648 | D        | Learned a level 2 spell: Sticks to Snakes
   701 | D        | Found a burning altar of Makhleb.
   701 | D        | Found a viscous altar of Jiyva.
   701 | D        | Found a shimmering altar of Xom.
   701 | D        | Found a corrupted altar of Lugonu.
   701 | D        | Noticed a slime creature
   714 | D        | Killed a slime creature
   714 | D        | Reached skill level 5 in Dodging
   714 | D        | Reached skill level 7 in Unarmed Combat
   714 | D        | Reached XP level 7. HP: 51/70 MP: 12/16
   909 | D        | Found a deep blue altar of Sif Muna.
   912 | D        | Found a radiant altar of Vehumet.
   926 | D        | Found Uten's Food Emporium.
   926 | D        | Found an ancient bone altar of Kikubaaqudgha.
   926 | D        | Found a hazy altar of Hepliaklqana.
   926 | D        | Found a stormy altar of Qazlal.
   926 | D        | Found a hide-covered altar of Uskayaw.
   926 | D        | Found a blossoming altar of Fedhas.
   926 | D        | Found a bloodstained altar of Trog.
   926 | D        | Found an iron altar of Okawaru.
   926 | D        | Found a basalt altar of Yredelemnul.
   926 | D        | Found a glowing golden altar of the Shining One.
   926 | D        | Found a snail-covered altar of Cheibriados.
   926 | D        | Found a sacrificial altar of Ru.
   926 | D        | Found a glowing silver altar of Zin.
   926 | D        | Found a shadowy altar of Dithmenos.
   926 | D        | Found a white marble altar of Elyvilon.
   926 | D        | Noticed a yak
   927 | D        | Found an opulent altar of Gozag.
   937 | D        | Killed a yak
   937 | D        | Reached skill level 8 in Unarmed Combat
   938 | D        | Found a sparkling altar of Nemelex Xobeh.
   944 | D        | Became a worshipper of Cheibriados the Contemplative
  1185 | D        | Noticed Sonja
  1205 | D        | HP: 3/72 [Sonja/uncursed dagger of distortion (7)]
  1205 | D        | Slain by Sonja

Skill      XL: |  1  2  3  4  5  6  7 |
---------------+----------------------+-----
Fighting       | 2 4 5 6 7 |  7.3
Dodging        | 2 3 4 5 6 |  6.2
Transmutations | 3 4 5 6 |  6.8
Unarmed Combat | 5 6 7 8 |  8.3
Spellcasting   | 4 5 6 |  6.2

Action                   |  1- 3 |  4- 6 |  7- 9 || total
-------------------------+-------+-------+-------++-------
Melee: Unarmed           |    20 |    19 |    18 ||    57
       Headbutt          |     1 |       |       ||     1
 Cast: Beastly Appendage |     1 |       |       ||     1
       Spider Form       |     1 |     3 |     3 ||     7
       Sticks to Snakes  |       |     1 |     2 ||     3
  Use: Potion            |     1 |       |       ||     1
 Stab: Sleeping          |       |       |     1 ||     1
Armor: Robe              |     2 |       |     1 ||     3
Dodge: Dodged            |     6 |    12 |    32 ||    50
